 Dungeon Crawl Stone Soup version 0.27-a0-1332-g84bddb5ca7 (webtiles) character file.

Game seed: 15276950135386253959

11737 Sobieck the Fighter (level 11, 0/128 HPs)
             Began as an Ogre Berserker on June 26, 2021.
             Was a Priest of Trog.
             Slain by an unseen horror (7 damage)
             ... on level 10 of the Dungeon.
             The game lasted 00:28:40 (15873 turns).

Sobieck the Fighter (Ogre Berserker)               Turns: 15873, Time: 00:28:40

Health: 0/128      AC:  8    Str: 26    XL:     11   Next: 82%
Magic:  11/11      EV: 11    Int:  8    God:    Trog [***...]
Gold:   128        SH:  5    Dex:  8    Spells: 10/10 levels left

rFire    . . .     SeeInvis .   a - +0 giant club {mace}
rCold    . . .     Faith    .   (shield currently unavailable)
rNeg     + . .     Spirit   .   Q - +0 swamp dragon scales
rPois    +         Reflect  +   (helmet restricted)
rElec    .         Harm     .   z - scarf {repulsion}
rCorr    .         Rampage  .   (gloves unavailable)
Will     +....                  (boots unavailable)
Stlth    ..........             y - amulet of reflection
HPRegen  0.31/turn              q - ring of positive energy
MPRegen  0.12/turn              (no ring)

@: very slightly contaminated, invisible (expiring), repel missiles
A: large, unfitting armour, tough skin 1
a: Renounce Religion, Berserk, Trog's Hand


You were on level 10 of the Dungeon.
You worshipped Trog.
Trog was most pleased with you.
You visited 2 branches of the dungeon, and saw 13 of its levels.

You collected 128 gold pieces.


Innate Abilities, Weirdness & Mutations

You are too large for most types of armour.
You have tough skin. (AC +1)


   Skills:
 + Level 13.9 Fighting
 + Level 10.2 Maces & Flails
 + Level 10.2 Dodging


You had 10 spell levels left.
You didn't know any spells.
Your spell library contained the following spells:

 Spells                   Type           Power      Damage    Failure   Level
 Animate Skeleton         Necr           0%         N/A       54%         1
 Apportation              Tloc           0%         N/A       54%         1
 Corona                   Hex            0%         N/A       54%         1
 Shock                    Conj/Air       0%         1d3       54%         1
 Summon Small Mammal      Summ           0%         N/A       54%         1
 Static Discharge         Conj/Air       0%         N/A       69%         2
 Swiftness                Air            0%         N/A       89%         3
 Airstrike                Air            0%         N/A       100%        4
 Lightning Bolt           Conj/Air       0%         1d11      100%        5

Inventory:

Hand Weapons
 a - a +0 giant club (weapon) {mace}
   (You took it off an ogre on level 4 of the Dungeon)
 b - a +0 hunting sling {sling}
   (You found it on level 4 of the Dungeon)
 c - a +0 morningstar of holy wrath {mace}
   (You found it on level 11 of the Dungeon)
 U - the +8 falchion of Pimuux {freeze, rElec rC- Stlth+, long}
   (You found it on level 9 of the Dungeon)

   It has been specially enchanted to freeze those struck by it, causing extra
   injury to most foes and up to half again as much damage against particularly
   susceptible opponents.
   It can also slow down cold-blooded creatures.
   It makes you vulnerable to cold.
   It insulates you from electricity.
   It makes you more stealthy.
Missiles
 d - 331 stones {throwing}
 e - 7 silver boomerangs {throwing}
 h - 26 sling bullets
 k - 42 poisoned darts (quivered) {throwing}
 m - 78 bolts
 o - 208 arrows
 u - 5 throwing nets {=f!fthrowing}
 Y - 2 atropa-tipped darts {throwing}
Armour
 p - a +0 animal skin
 t - a scarf of harm
   (You found it on level 4 of the Dungeon)
 z - a scarf of repulsion (worn)
   (You found it on level 5 of the Dungeon)
 Q - +0 swamp dragon scales (worn)
   (You took it off Maggie on level 8 of the Dungeon)
Jewellery
 q - a ring of positive energy (left hand)
   (You found it on level 4 of the Dungeon)
 y - an amulet of reflection (around neck)
   (You found it on level 5 of the Dungeon)
Wands
 F - a wand of paralysis (8)
   (You found it on level 6 of the Dungeon)
 R - a wand of digging (1)
   (You took it off a vampire on level 8 of the Dungeon)
Scrolls
 i - 3 scrolls of fog
 s - a scroll of identify {@r1}
 v - 5 scrolls of magic mapping {!r}
 A - 2 scrolls of fear
 G - a scroll of vulnerability {unknown}
 K - 2 scrolls of enchant armour {unknown}
 X - a scroll of holy word {unknown}
Potions
 f - 3 potions of lignification {!q}
 g - a potion of curing {@q1}
 j - a potion of berserk rage {unknown}
 l - 2 potions of cancellation
 n - 2 potions of attraction {!q}
 r - 2 potions of mutation {!q}
 x - a potion of flight
 C - a potion of degeneration {!q@e2}
 D - 4 potions of ambrosia
 L - a potion of haste {unknown}
 P - a potion of invisibility
 S - a potion of magic {unknown}
 W - a potion of resistance {unknown}

Dungeon Overview and Level Annotations

Branches:
Dungeon (12/15)            Temple (0/1) D:7            Lair (1/6) D:10
    Orc (0/2) D:10

Altars:
Ashenzari
Cheibriados
Dithmenos
Fedhas
Gozag
Hepliaklqana
Kikubaaqudgha
Nemelex Xobeh
Okawaru
Sif Muna
Uskayaw
Zin

Shops:
D:5 *   D:7 :   D:8 *

Annotations:
D:7 Maurice

#.......................##
#........................#
####........................#
............................#
............................#
............................#
...................###......#
.........#####....#####.....#
.........# #.<@.#####.....#
.........# #....#####.....#
...#.....# #...Y.###......#
..###....#####...y..........#
...#.............y........$.#
.................y..........#
.........................$..#
.....)......................#
............................#


You could see 3 killer bees and a friendly yak (summoned).


Message History

* * * LOW HITPOINT WARNING * * *
The wolf bites you but does no damage. You block the wolf's attack. 😱 HP[-2]
You take 2 damage, and now have 23/128 hp.
Something hits you but does no damage. Something hits you!
* * * LOW HITPOINT WARNING * * *
The wolf bites your yak but does no damage.
Your yak gores the wolf. 😱 HP[-5]
You take 5 damage, and now have 18/128 hp.
You miss something. Something hits you.
* * * LOW HITPOINT WARNING * * *
Something hits your yak!
The wolf bites your yak but does no damage.
Something hits you.
* * * LOW HITPOINT WARNING * * *
The wolf bites your yak.
Your yak closely misses the wolf. 😱 HP[-5]
You take 5 damage, and now have 13/128 hp.
You closely miss something. Something hits you.
* * * LOW HITPOINT WARNING * * *
The wolf bites your yak. Something hits you!
* * * LOW HITPOINT WARNING * * *
The wolf bites your yak!
Your troll bites the wolf but does no damage.
Your troll claws the wolf.
Your troll claws the wolf but does no damage.
Your yak barely misses the wolf. x2 😱 HP[-6]
You take 6 damage, and now have 7/128 hp.
You swap places.
Your skin stops crawling.
You feel less strong-willed. Something hits your yak.
The wolf bites your troll! Something hits your yak.
The wolf barely misses your troll.
Your yak misses the wolf.
Your troll bites the wolf!!
The wolf dies!
Trog accepts your kill. What are your orders? t - Shout!
Orders for allies: a - Attack new target. r - Retreat! s - Stop attacking. g - Guard the area. f - Follow me.
Anything else - Cancel.
Okay, then.
Okay, then.
As you read the scroll of teleportation {@r4}, it crumbles to dust.
You feel strangely unstable. Something hits your yak.
Something hits your troll but does no damage.
You swap places.
Something hits your troll. 😱 HP[+1]
Something hits your troll.
Something hits your yak but does no damage.
Your yak gores something.
Your surroundings suddenly seem different.
An orc wizard comes into view. It is wielding a +0 dagger.
The orc wizard shouts!
An orc comes into view. It is wielding a +0 dagger.
The orc shouts!
An orc priest comes into view. It is wielding a +0 club.
The orc priest shouts!
An orc wizard comes into view. It is wielding a +0 dagger.
The orc wizard shouts!
You hear an angry buzzing noise. x2
A killer bee comes into view.
The orc shouts!
The orc priest shouts!
The orc wizard shouts!
You hear an angry buzzing noise. x2
A killer bee comes into view. 😱 HP[+1]
The orc shouts!
The orc priest shouts!
The orc wizard shouts!
The killer bee buzzes angrily.
You hear an angry buzzing noise.
The orc priest looks satisfied for a moment.
The orc wizard shouts!
The killer bee buzzes angrily.
A killer bee comes into view.
The orc wizard shouts!
The killer bee buzzes angrily. x3
A killer bee comes into view. 😱 HP[+1]
As you read the scroll of teleportation {@r4}, it crumbles to dust.
You feel strangely unstable.
The killer bee buzzes angrily. x3
The killer bee buzzes angrily. x2
The killer bee buzzes angrily. x2
The killer bee misses your troll. Something hits you.
* * * LOW HITPOINT WARNING * * *
😱 HP[-1]
You take 1 damage, and now have 9/128 hp.
The killer bee buzzes angrily.
Something hits you.
* * * LOW HITPOINT WARNING * * *
The killer bee stings your troll! x2 😱 HP[-5]
You take 5 damage, and now have 4/128 hp.
Unknown command.
Your surroundings suddenly seem different. 😱 HP[+1] 😱 HP[+1]
You flicker for a moment.
Something hits your yak. 😱 HP[+1]
Something hits you!
You die...

Skill      XL: |  1  2  3  4  5  6  7  8  9 10 11 |
---------------+----------------------------------+-----
Dodging        | 3 4 5 6 7 9 10 | 10.2
Maces & Flails | 3 4 5 6 7 9 10 | 10.2
Fighting       | 5 6 8 9 11 12 13 | 13.9

Action                   |  1- 3 |  4- 6 |  7- 9 | 10-12 || total
-------------------------+-------+-------+-------+-------++-------
Melee: Mace              |   113 |   122 |       |       ||   235
       Giant club        |       |       |   179 |   392 ||   571
 Fire: Hunting sling     |       |    11 |    75 |    43 ||   129
Throw: Stone             |    22 |       |       |       ||    22
       Boomerang         |     1 |       |       |       ||     1
       Dart              |    28 |    37 |     1 |    13 ||    79
Invok: Berserk           |     4 |     7 |    14 |    23 ||    48
       Trog's Hand       |       |       |     2 |     5 ||     7
       Brothers in Arms  |       |       |       |     1 ||     1
  Use: Scroll            |       |     9 |     4 |     7 ||    20
       Potion            |       |       |     3 |     4 ||     7
 Stab: Sleeping          |     1 |       |       |       ||     1
Armor: Animal skin       |    48 |    33 |    26 |    10 ||   117
       Swamp dragon scal |       |       |       |   145 ||   145
Dodge: Dodged            |    65 |    83 |   101 |   274 ||   523
       Repelled          |       |       |     5 |     3 ||     8
Block: Other             |       |       |    22 |   111 ||   133
       Reflection        |       |       |     2 |     6 ||     8

Levels and vault maps discovered:
D:1:      zelgadis_glass_arrival_small, layout_loops_ring,
          shapermc_ecumenical_altar_gd, minmay_pentomino_x4
D:2:      layout_basic
D:3:      layout_loops_ring, fedhas_ov_isle_minmay, minitemple
D:4:      layout_loops_cross, grunt_dithmenos_smoke, abandoned_shop,
          kennysheep_generic_room_13
D:5:      layout_cave_pools, chequers_temple_overflow_minitemple,
          ebering_dispersal_statue_hall, minmay_shop_damaged
D:6:      layout_gridville
D:7:      layout_cave_pods, minmay_temple_entry_gardened_gates, serial_shops,
          nicolae_take_the_stairs
D:8:      layout_loops_ring, okawaru_altar_gauntlet_db, serial_undead,
          serial_undead_e, serial_undead_f, serial_undead_c, serial_undead_b,
          kennysheep_crisscross, nicolae_shop_overcharged_wands, uniq_maurice,
          uniq_maggie, uniq_harold
D:9:      layout_long_grid, general_overflow_altar
D:10:     layout_big_octagon, lair_entry_dummy, david_orc_3
D:11:     layout_basic, minmay_evil_grid
D:12:     layout_basic, uniq_azrael
Lair:1:   layout_gridlike, grunt_megastairs_4

Notes
Turn   | Place    | Note
-------+----------+-------------------------------------------
     0 | D:1      | Sobieck the Ogre Berserker began the quest for the Orb.
     0 | D:1      | Reached XP level 1. HP: 24/24 MP: 1/1
     0 | D:1      | magus.rc [v1.9.6]
   175 | D:1      | Reached XP level 2. HP: 24/32 MP: 2/2
   388 | D:1      | Reached skill level 3 in Dodging
   430 | D:1      | Reached skill level 3 in Maces & Flails
   944 | D:1      | Reached XP level 3. HP: 40/40 MP: 3/3
  1077 | D:1      | You pick up a book of Cantrips {forbidden} and begin
                  | reading...
  1077 | D:1      | You add the spells Corona, Animate Skeleton, Summon Small
                  | Mammal and Apportation to your library.
  1089 | D:1      | Found a faded altar of an unknown god.
  2261 | D:3      | Reached XP level 4. HP: 49/49 MP: 4/4
  2287 | D:3      | Reached skill level 5 in Fighting
  2386 | D:3      | Reached ** piety under Trog
  2665 | D:3      | Found a blossoming altar of Fedhas.
  2763 | D:3      | You pick up a book of Cantrips {forbidden} and begin
                  | reading...
  2818 | D:4      | Reached XP level 5. HP: 55/57 MP: 5/5
  3020 | D:3      | Found a hide-covered altar of Uskayaw.
  3029 | D:3      | Found an opulent altar of Gozag.
  3034 | D:3      | Found a broken altar of Ashenzari.
  3041 | D:3      | Found a sparkling altar of Nemelex Xobeh.
  3043 | D:3      | Found a hazy altar of Hepliaklqana.
  3588 | D:5      | Entered Level 5 of the Dungeon
  3588 | D:5      | Noticed a water moccasin
  3589 | D:5      | Noticed an ogre
  3828 | D:4      | Found a shadowy altar of Dithmenos.
  3844 | D:4      | Reached skill level 4 in Maces & Flails
  3974 | D:4      | Noticed a sky beast
  3985 | D:4      | Killed a sky beast
  3986 | D:4      | Reached skill level 6 in Fighting
  3986 | D:4      | Reached skill level 4 in Dodging
  3986 | D:4      | Reached XP level 6. HP: 59/67 MP: 6/6
  4416 | D:4      | Reached *** piety under Trog
  4530 | D:4      | Reached XP level 7. HP: 69/76 MP: 7/7
  4840 | D:5      | Reached skill level 7 in Fighting
  5056 | D:5      | Reached skill level 5 in Maces & Flails
  5056 | D:5      | Reached skill level 5 in Dodging
  5083 | D:5      | Noticed a yak
  5083 | D:5      | Noticed a yak
  5083 | D:5      | Noticed a yak
  5116 | D:5      | Killed a yak
  5318 | D:5      | Noticed a yak
  5331 | D:5      | Noticed a yak
  5337 | D:4      | Killed a yak
  5338 | D:4      | Reached skill level 8 in Fighting
  5338 | D:4      | Reached XP level 8. HP: 88/88 MP: 8/8
  5422 | D:5      | Noticed a yak
  5428 | D:4      | Killed a yak
  5497 | D:4      | Killed a yak
  5567 | D:4      | Killed a yak
  5568 | D:4      | Reached skill level 6 in Maces & Flails
  5568 | D:4      | Reached skill level 6 in Dodging
  5685 | D:4      | Killed a yak
  5686 | D:4      | Reached skill level 9 in Fighting
  5788 | D:5      | Found Ipropra's Lightly-Used Armoury.
  6028 | D:5      | Reached XP level 9. HP: 77/98 MP: 9/9
  6553 | D:5      | Found a snail-covered altar of Cheibriados.
  6553 | D:5      | Found an ancient bone altar of Kikubaaqudgha.
  6560 | D:5      | Found a faded altar of an unknown god.
  6562 | D:5      | Found a faded altar of an unknown god.
  6564 | D:5      | Found a glowing silver altar of Zin.
  7765 | D:6      | Reached skill level 10 in Fighting
  7765 | D:6      | Reached skill level 7 in Maces & Flails
  7765 | D:6      | Reached skill level 7 in Dodging
  8187 | D:7      | Found a staircase to the Ecumenical Temple.
  8542 | D:7      | Found Xaadi's Book Boutique.
  8701 | D:7      | HP: 24/102 [poisoned by a water moccasin]
  9868 | D:8      | Noticed Maurice
  9889 | D:7      | HP: 23/101 [something/iceblast (10)]
 10122 | D:8      | Reached skill level 11 in Fighting
 10122 | D:8      | Reached XP level 10. HP: 86/113 MP: 10/10
 10295 | D:7      | Reached skill level 8 in Maces & Flails
 10453 | D:8      | Reached skill level 8 in Dodging
 10846 | D:8      | Noticed a two-headed ogre
 10860 | D:8      | Killed a two-headed ogre
 11391 | D:8      | Noticed a two-headed ogre
 11397 | D:8      | Killed a two-headed ogre
 11398 | D:8      | Reached skill level 12 in Fighting
 11456 | D:8      | Noticed Maggie
 11555 | D:8      | Found Xaqit's Overcharged Wands.
 11578 | D:8      | Killed Maggie
 12127 | D:8      | Reached skill level 9 in Maces & Flails
 12127 | D:8      | Reached skill level 9 in Dodging
 12298 | D:8      | Noticed Harold
 12306 | D:8      | Killed Harold
 12307 | D:8      | Reached XP level 11. HP: 124/124 MP: 11/11
 12509 | D:8      | Found an iron altar of Okawaru.
 12705 | D:10     | Entered Level 10 of the Dungeon
 12711 | D:10     | Noticed a manticore
 12966 | D:9      | Reached **** piety under Trog
 13346 | D:9      | Identified the +8 falchion of Pimuux {freeze, rElec rC-
                  | Stlth+}
 13411 | D:9      | Found a shimmering blue altar of Sif Muna.
 13462 | D:9      | Reached skill level 13 in Fighting
 13909 | D:9      | Killed a manticore
 14074 | D:10     | Found a staircase to the Orcish Mines.
 14675 | D:10     | You pick up a book of Air {forbidden} and begin reading...
 14675 | D:10     | You add the spells Shock, Static Discharge, Swiftness,
                  | Airstrike and Lightning Bolt to your library.
 15135 | D:10     | Reached skill level 10 in Maces & Flails
 15143 | D:10     | Reached skill level 10 in Dodging
 15472 | D:10     | Found a staircase to the Lair.
 15526 | Lair:1   | Entered Level 1 of the Lair of Beasts
 15824 | Lair:1   | HP: 30/128 [wolf (7)]
 15830 | Lair:1   | HP: 15/128 [wolf (8)]
 15841 | Lair:1   | HP: 22/128 [wolf (5)]
 15846 | D:10     | HP: 23/128 [something (3)]
 15849 | D:10     | HP: 7/128 [something (7)]
 15862 | D:10     | HP: 9/128 [something (2)]
 15863 | D:10     | HP: 4/128 [something (5)]
 15873 | D:10     | Slain by an unseen horror

Vanquished Creatures
  Harold (D:8)
  2 two-headed ogres (D:8)
  A manticore (D:9)
  2 centaur zombies (D:11)
  Maggie (D:8)
  A komodo dragon (Lair:1)
  A troll (D:12)
  A shadow (D:10)
  2 wyverns (D:10)
  A vampire (D:8)
  17 yaks
  A steam dragon (D:8)
  4 vampire mosquitoes (D:9)
  An acid dragon (D:9)
  5 water moccasins
  An ice beast (D:7)
  An orc warrior (D:10)
  3 sky beasts
  A hornet zombie (D:8)
  2 ogres
  2 necrophages
  3 wolves (Lair:1)
  4 centaurs
  A phantom (D:7)
  4 kobold brigands
  3 bullfrogs
  2 gnoll sergeants (D:10)
  4 scorpions
  A water moccasin zombie (D:5)
  8 killer bees
  5 wights
  A howler monkey (D:5)
  4 hounds
  An orc priest (D:9)
  A centaur skeleton (D:6)
  4 iguanas
  3 orc wizards
  A killer bee zombie (D:8)
  2 hound skeletons
  3 howler monkey zombies
  8 gnolls
  6 adders
  A howler monkey skeleton (D:4)
  A shadow imp (D:6)
  3 white imps (D:6)
  2 worms
  3 dart slugs
  15 orcs
  6 bats
  7 endoplasms
  3 giant cockroaches
  6 goblins
  7 hobgoblins
  17 jackals
  21 kobolds
  5 quokkas
  4 ball pythons
  A frilled lizard (D:2)
  5 rats
227 creatures vanquished.

Vanquished Creatures (collateral kills)
  2 wolves
2 creatures vanquished.

Vanquished Creatures (others)
  An orc (D:7)
  3 fungi (Lair:1)
  3 plants (D:7)
  2 withered plants (D:8)
9 creatures vanquished.

Grand Total: 238 creatures vanquished

Table legend:
 A = Non-vault XP
 B = Vault XP
 C = Vault XP percentage of total XP
 D = Non-vault monster count
 E = Vault monster count
 F = Vault count percentage of total count
                 A         B        C        D         E       F
            +---------+---------+-------+---------+---------+-------
      Total |   15061 |    1707 |  10.2 |     208 |      21 |   9.2
            +---------+---------+-------+---------+---------+-------
        D:1 |      36 |       3 |   7.7 |      20 |       2 |   9.1
        D:2 |      34 |       0 |   0.0 |      10 |       0 |   0.0
        D:3 |      86 |       0 |   0.0 |      22 |       0 |   0.0
        D:4 |    1482 |      37 |   2.4 |      28 |       1 |   3.4
        D:5 |     950 |       0 |   0.0 |      13 |       0 |   0.0
        D:6 |     810 |       0 |   0.0 |      14 |       0 |   0.0
        D:7 |    1088 |      57 |   5.0 |      16 |       1 |   5.9
        D:8 |    3393 |    1518 |  30.9 |      24 |      10 |  29.4
        D:9 |    2693 |      86 |   3.1 |      23 |       5 |  17.9
       D:10 |    2250 |       6 |   0.3 |      28 |       2 |   6.7
       D:11 |     939 |       0 |   0.0 |       2 |       0 |   0.0
       D:12 |     307 |       0 |   0.0 |       1 |       0 |   0.0
     Lair:1 |     993 |       0 |   0.0 |       7 |       0 |   0.0
            +---------+---------+-------+---------+---------+-------

Illustrated notes

Table legend:
 A = Kills in this place as a percentage of kills in entire the game.
 B = Kills by you in this place as a percentage of kills by you in the entire game.
 C = Kills by friends in this place as a percentage of kills by friends in the entire game.
 D = Other kills in this place as a percentage of other kills in the entire game.
 E = Experience gained in this place as a percentage of experience gained in the entire game.
 F = Experience gained in this place divided by the number of levels of this place that you have seen.
                   A       B       C       D       E      F
               +-------+-------+-------+-------+-------+----------------------
         Total | 100.0 | 100.0 | 100.0 |   N/A | 100.0 | 1289.8
       Dungeon |  96.9 |  97.4 |  50.0 |   N/A |  94.1 | 1314.6
          Lair |   3.1 |   2.6 |  50.0 |   N/A |   5.9 | 993.0
               +-------+-------+-------+-------+-------+----------------------

Table legend: (Time is in decaauts)
 A = Elapsed time spent in this place.
 B = Non-inter-level travel time spent in this place.
 C = Inter-level travel time spent in this place.
 D = Time resting spent in this place.
 E = Time spent auto-exploring this place.
 F = Levels seen in this place.
 G = Mean time per level.
                   A        B        C        D        E       F      G
               +--------+--------+--------+--------+--------+-----+--------+
         Total |  16496 |  15797 |    699 |   6520 |   6717 |  13 | 1268.9 |
       Dungeon |  16169 |  15470 |    699 |   6320 |   6717 |  12 | 1347.4 |
          Lair |    327 |    327 |      0 |    199 |      0 |   1 |  327.0 |
               +--------+--------+--------+--------+--------+-----+--------+

Top non-repeatable levels by time:
     D:7: 2554 daAuts
     D:8: 2242 daAuts
     D:9: 1826 daAuts
     D:4: 1770 daAuts
     D:5: 1754 daAuts
     D:6: 1372 daAuts
     D:1: 1286 daAuts
     D:3: 1172 daAuts
    D:10: 1002 daAuts
     D:2: 951 daAuts
  Lair:1: 327 daAuts
    D:12: 125 daAuts
    D:11: 111 daAuts
